 Dungeon Crawl Stone Soup version 0.27.1-35-g4d5d836560 (webtiles) character file.

Game seed: 13803075039092447700

43 mcwallace the Skirmisher (level 3, -14/29 HPs)
             Began as a Demonspawn Fighter on Feb 19, 2022.
             Demolished by Robin (20 damage)
             ... on level 2 of the Dungeon.
             The game lasted 00:01:37 (980 turns).

mcwallace the Skirmisher (Demonspawn Fighter)        Turns: 980, Time: 00:01:38

Health: -14/29     AC:  6    Str: 16    XL:     3   Next: 37%
Magic:  3/3        EV:  6    Int: 10    God:
Gold:   16         SH:  8    Dex: 12    Spells: 2/2 levels left

rFire    . . .     SeeInvis .   a - +0 war axe {axe}
rCold    . . .     Faith    .   c - +0 kite shield
rNeg     . . .     Spirit   .   b - +0 scale mail
rPois    +         Reflect  .   (no helmet)
rElec    .         Harm     .   (no cloak)
rCorr    .         Rampage  .   (no gloves)
Will     .....                  (no boots)
Stlth    ..........             (no amulet)
HPRegen  0.09/turn              e - ring of poison resistance
MPRegen  0.16/turn              (no ring)

@: mighty
A: magic regeneration
a: no special abilities


You were on level 2 of the Dungeon.
You visited 1 branch of the dungeon, and saw 2 of its levels.

You collected 16 gold pieces.


Innate Abilities, Weirdness & Mutations

You regenerate magic rapidly.


   Skills:
 + Level 3.4 Fighting
 + Level 2.2 Axes
 + Level 3.0 Armour
 + Level 3.0 Shields
 + Level 0.2 Spellcasting


You had 2 spell levels left.
You didn't know any spells.
Your spell library contained the following spells:

 Spells                   Type           Power      Damage    Failure   Level
 Corpse Rot               Necr/Air       N/A        N/A       100%        2
 Sublimation of Blood     Necr           0%         N/A       100%        2
 Dispel Undead            Necr           0%         3d6       100%        4
 Petrify                  Tmut/Erth      0%         N/A       100%        4
 Irradiate                Conj/Tmut      0%         3d14      100%        5
 Death Channel            Necr           0%         N/A       100%        6

Inventory:

Hand Weapons
 a - a +0 war axe (weapon) {axe}
Missiles
 f - 6 stones (quivered) {throwing}
Armour
 b - a +0 scale mail (worn)
 c - a +0 kite shield (worn)
Jewellery
 e - a ring of poison resistance (left hand)
   (You found it on level 1 of the Dungeon)
Scrolls
 i - a scroll of amnesia {unknown}
 j - a scroll of identify {unknown}
Potions
 g - a potion of flight {unknown}
 h - 3 potions of invisibility {unknown}

Dungeon Overview and Level Annotations

Branches:
Dungeon (2/15)

Altars:

Annotations:
D:2 Robin

#g.g#
#...#
#...# ...#
...#
.######gg#
......ggg#
#g# #@#
#)# #.#
#.# ...
#.. ####


You could see Robin, 3 hobgoblins and 2 goblins.


Message History

😕 HP[+1]
You hit the goblin. You block the goblin's attack. x2
You closely miss the goblin. You block the goblin's attack.
Your scale mail prevents you from hitting the goblin.
The goblin hits you with a +0 club. You block the goblin's attack. 😕 HP[-1]
You take 1 damage, and now have 27/29 hp.
You barely miss the goblin. The goblin hits you with a +0 club.
You block the goblin's attack.
A goblin is nearby! 😕 HP[-3]
You take 3 damage, and now have 24/29 hp.
You hit the goblin.
You kill the goblin!
No target in view!
No target in view!
You see here a +0 club {mace}.
Key pressed, stopping explore.
j - a scroll labelled JEFIAJ SEATU 😎 HP[+5]
Your hp is fully restored (29).
Key pressed, stopping explore.
Done exploring.
Done exploring.
No target in view!
Done exploring.
No target in view!
There is a stone staircase leading down here.
You climb downwards.
Robin shouts!
The goblin shouts! x2; The hobgoblin shouts!
The goblin shouts!
The hobgoblin shouts!
The goblin shouts!
The hobgoblin shouts!
There is a stone staircase leading up here.
A goblin comes into view. It is wielding a +0 club.
Robin throws the goblin at you!
You barely miss the goblin.
The goblin shouts!
The goblin barely misses you. The goblin hits you but does no damage.
You barely miss the goblin. You hit the goblin.
You kill the goblin!
The goblin hits you but does no damage.
Robin roars a battlecry!
The goblins go into a battle-frenzy!
You block the goblin's attack.
The goblin hits you with a +0 dagger. 😕 HP[-1]
You take 1 damage, and now have 28/29 hp.
You miss the goblin. You closely miss the goblin.
You block the goblin's attack. The goblin hits you with a +0 dagger.
The goblin hits you but does no damage. 😕 HP[-3]
You take 3 damage, and now have 25/29 hp.
Your scale mail prevents you from hitting the goblin.
You closely miss the goblin. The goblin hits you but does no damage.
The goblin hits you with a +0 dagger. x2 😮 HP[-7]
You take 7 damage, and now have 18/29 hp.
MASSIVE DAMAGE!! (PAUSE)
You slash the goblin!
You kill the goblin!
You slash the goblin!
You kill the goblin!
Robin throws the goblin at you! The goblin hits you with a +0 dagger.
* * * LOW HITPOINT WARNING * * *
😨 HP[-4]
You take 4 damage, and now have 14/29 hp.
You barely miss the goblin. You hit the goblin.
You kill the goblin!
The goblin barely misses you. The goblin hits you with a +0 club.
* * * LOW HITPOINT WARNING * * *
The goblin barely misses you. 😨 HP[-5]
You take 5 damage, and now have 9/29 hp.
You hit the goblin. You closely miss the goblin.
The goblin hits you but does no damage. The goblin completely misses you.
Robin says, "My goblins will feast on your bones."
You block the goblin's attack. The goblin barely misses you.
Sorry, you're not good enough to have a special ability.
You feel very mighty all of a sudden.
Robin flexes a bicep menacingly.
You block the goblin's attack. The goblin hits you with a +0 dagger.
* * * LOW HITPOINT WARNING * * *
😱 HP[-4]
You take 4 damage, and now have 5/29 hp.
You slash the goblin!
You kill the goblin!
You slash the goblin!
You kill the goblin! 😱 HP[+1]
You hit Robin. Robin barely misses you. x2
You slash Robin!
The goblin no longer looks unusually strong.
You block Robin's attack. Robin hits you but does no damage.
You closely miss Robin.
The goblin no longer looks unusually strong.
The hobgoblin no longer looks unusually strong.
You block Robin's attack.
You hit Robin. Robin hits you but does no damage.
You are electrocuted!!
Ouch! That really hurt!
You die...

Skill      XL: |  1  2 |
---------------+-------+-----
Axes           | 2 |  2.2
Armour         | 3 |  3.0
Shields        | 3 |  3.0
Fighting       | |  3.4
Spellcasting   | |  0.2

Action                   || total
-------------------------++-------
Melee: War axe           ||    84
  Use: Potion            ||     1
Armor: Scale mail        ||    75
Dodge: Dodged            ||    30
Block: Kite shield       ||    62

Levels and vault maps discovered:
D:1:      tarquinn_simple_flora_water_e, layout_rooms
D:2:      layout_basic, shapermc_ecumenical_altar_venn, uniq_robin,
          uniq_natasha, uniq_crazy_yiuf_cottage

Notes
Turn   | Place    | Note
-------+----------+-------------------------------------------
     0 | D:1      | mcwallace the Demonspawn Fighter began the quest for the
                  | Orb.
     0 | D:1      | Reached XP level 1. HP: 18/18 MP: 1/1
     0 | D:1      | magus.rc [v1.9.6]
    22 | D:1      | Reached skill level 2 in Axes
    22 | D:1      | Gained mutation: You regenerate magic rapidly. [demonic
                  | ancestry]
    22 | D:1      | Reached XP level 2. HP: 16/24 MP: 2/2
   447 | D:1      | Reached skill level 3 in Armour
   449 | D:1      | Reached skill level 3 in Shields
   450 | D:1      | Reached XP level 3. HP: 26/29 MP: 3/3
   535 | D:1      | You pick up a book of Alchemy and begin reading...
   535 | D:1      | You add the spells Sublimation of Blood, Petrify and
                  | Irradiate to your library.
   758 | D:1      | You pick up a book of Decay and begin reading...
   758 | D:1      | You add the spells Corpse Rot, Dispel Undead and Death
                  | Channel to your library.
   964 | D:2      | Noticed Robin
   975 | D:2      | HP: 5/29 [goblin[Robin] (4)]
   980 | D:2      | Demolished by Robin

Vanquished Creatures
  5 bats (D:1)
  3 endoplasms (D:1)
  A giant cockroach (D:1)
  A hobgoblin (D:1)
  7 jackals (D:1)
  3 quokkas (D:1)
  3 ball pythons (D:1)
  10 goblins
  3 kobolds (D:1)
  3 rats (D:1)
39 creatures vanquished.

Table legend:
 A = Non-vault XP
 B = Vault XP
 C = Vault XP percentage of total XP
 D = Non-vault monster count
 E = Vault monster count
 F = Vault count percentage of total count
                 A         B        C        D         E       F
            +---------+---------+-------+---------+---------+-------
      Total |      52 |      10 |  16.1 |      33 |       6 |  15.4
            +---------+---------+-------+---------+---------+-------
        D:1 |      52 |       0 |   0.0 |      33 |       0 |   0.0
        D:2 |       0 |      10 | 100.0 |       0 |       6 | 100.0
            +---------+---------+-------+---------+---------+-------

Illustrated notes

Table legend:
 A = Kills in this place as a percentage of kills in entire the game.
 B = Kills by you in this place as a percentage of kills by you in the entire game.
 C = Kills by friends in this place as a percentage of kills by friends in the entire game.
 D = Other kills in this place as a percentage of other kills in the entire game.
 E = Experience gained in this place as a percentage of experience gained in the entire game.
 F = Experience gained in this place divided by the number of levels of this place that you have seen.
                   A       B       C       D       E      F
               +-------+-------+-------+-------+-------+----------------------
         Total | 100.0 | 100.0 |   N/A |   N/A | 100.0 |  31.0
       Dungeon | 100.0 | 100.0 |   N/A |   N/A | 100.0 |  31.0
               +-------+-------+-------+-------+-------+----------------------

Table legend: (Time is in decaauts)
 A = Elapsed time spent in this place.
 B = Non-inter-level travel time spent in this place.
 C = Inter-level travel time spent in this place.
 D = Time resting spent in this place.
 E = Time spent auto-exploring this place.
 F = Levels seen in this place.
 G = Mean time per level.
                   A        B        C        D        E       F      G
               +--------+--------+--------+--------+--------+-----+--------+
         Total |   1032 |    998 |     34 |      0 |    791 |   2 |  516.0 |
       Dungeon |   1032 |    998 |     34 |      0 |    791 |   2 |  516.0 |
               +--------+--------+--------+--------+--------+-----+--------+

Top non-repeatable levels by time:
     D:1: 1009 daAuts
     D:2: 22 daAuts
